 Dungeon Crawl Stone Soup version 0.26.1-11-gd32895ea62 (webtiles) character file.

Game seed: 15092868434124061239

604 Zeld the Chucker (level 7, -7/46 HPs)
             Began as an Octopode Fighter on May 10, 2021.
             Was an Initiate of Okawaru.
             Mangled by an ice beast (12 damage)
             ... on level 5 of the Dungeon.
             The game lasted 00:06:25 (7929 turns).

Zeld the Chucker (Octopode Fighter)                 Turns: 7929, Time: 00:06:27

Health: -7/46      AC:  1    Str: 18    XL:     7   Next: 42%
Magic:  13/13      EV: 11    Int: 10    God:    Okawaru [......]
Gold:   206        SH:  9    Dex: 11    Spells: 14/14 levels left

rFire    . . .     SeeInvis .   a - +1 war axe
rCold    . . .     Faith    .   b - +0 kite shield
rNeg     . . .     Spirit   .   j - +0 hat
rPois    .         Reflect  .   (no amulet)
rElec    .         Harm     .   (no ring)
rCorr    .         Rampage  .   (no ring)
Will     .....                  (no ring)
Stlth    ++........             (no ring)
HPRegen  0.15/turn              (no ring)
MPRegen  0.13/turn              (no ring)
                                (no ring)
                                (no ring)

@: no status effects
A: almost no armour, stealthy swim, amphibious, 8 rings, constrict 8, camouflage
1, gelatinous body 1
a: Renounce Religion


You were on level 5 of the Dungeon.
You worshipped Okawaru.
Okawaru was noncommittal.
You visited 2 branches of the dungeon, and saw 6 of its levels.

You collected 206 gold pieces.

Inventory:

Hand Weapons
 a - a +1 war axe (weapon)
Missiles
 c - 2 boomerangs
 h - 29 poisoned darts (quivered)
 i - a javelin
Armour
 b - a +0 kite shield (worn)
 j - a +0 hat (worn)
Wands
 n - a wand of digging (6)
Scrolls
 d - a scroll of identify
 g - 3 scrolls of teleportation
Potions
 e - a potion of resistance
 f - a potion of flight {unknown}
 m - 3 potions of curing
 p - a potion of magic {unknown}
 r - a potion of lignification {unknown}
 t - a potion of brilliance {unknown}


   Skills:
 - Level 3.4 Fighting
 - Level 2.5 Axes
 * Level 4.8 Throwing
 - Level 3.0 Dodging
 - Level 3.4 Shields
 * Level 4.4 Spellcasting


You had 14 spell levels left.
You didn't know any spells.
Your spell library contained the following spells:

 Spells                   Type           Power        Failure   Level
 Animate Skeleton         Necr           4%           73%         1
 Pain                     Necr           8%           73%         1
 Vampiric Draining        Necr           1%           97%         3
 Animate Dead             Necr           1%           100%        4
 Agony                    Necr           2%           100%        5


Dungeon Overview and Level Annotations

Branches:
Dungeon (5/15)             Temple (1/1) D:5

Altars:
Ashenzari
Cheibriados
Dithmenos
Elyvilon
Fedhas
Gozag
Hepliaklqana
Kikubaaqudgha
Makhleb
Nemelex Xobeh
Okawaru
Qazlal
Ru
Sif Muna
Trog
Uskayaw
Vehumet
Wu Jian
Xom
Yredelemnul
Zin
The Shining One


Innate Abilities, Weirdness & Mutations

You cannot wear most types of armour.
You are very stealthy in the water. (Stealth+)
You are amphibious.
You can wear up to eight rings at the same time.
You can use your tentacles to constrict eight enemies at once.
Your skin changes colour to match your surroundings (Stealth+).
Your rubbery body absorbs attacks. (AC +1, EV +1)


Message History

You barely miss the ice beast.
The ice beast is severely wounded.
The ice beast misses you.
You hit the ice beast.
The ice beast is severely wounded.
The ice beast barely misses you.
You barely miss the ice beast. Your squeeze misses the ice beast.
The ice beast is severely wounded.
The ice beast barely misses you. x2
You barely miss the ice beast.
The ice beast is severely wounded.
The ice beast barely misses you.
You barely miss the ice beast.
The ice beast is severely wounded.
The ice beast hits you. The ice beast freezes you!
* * * LOW HITPOINT WARNING * * *
The ice beast hits you.
* * * LOW HITPOINT WARNING * * *
The ice beast freezes you!
You die...

####.........##
##.........###
##...!.......#
###.............
####...............
##..................
##............###....
##......####...#
##... . ##....@###
#...# #... ..
##.....Y.### #..##
###.. #5#
#..#.......# #..#
#.... #.#.
##........(## ####
#.... #[##.
##.........## ##...
###...##.........##
####
.#............####
............###
####..###...#


You could see an ice beast.

Vanquished Creatures
  A phantom (D:4)
  An ogre (D:5)
  A scorpion (D:5)
  A bullfrog skeleton (D:4)
  2 orc wizards
  2 worker ants
  10 gnolls
  4 adders
  2 oozes
  A worm (D:3)
  2 dart slugs (D:1)
  4 leopard geckos
  8 orcs
  2 ball pythons
  5 bats
  5 giant cockroaches
  7 goblins
  8 hobgoblins
  9 jackals
  15 kobolds
  4 quokkas
  2 frilled lizards
  A quokka skeleton (D:4)
  8 rats
105 creatures vanquished.

Notes
Turn   | Place    | Note
-------+----------+-------------------------------------------
     0 | D:1      | Zeld the Octopode Fighter began the quest for the Orb.
     0 | D:1      | Reached XP level 1. HP: 16/16 MP: 1/1
   322 | D:1      | Reached XP level 2. HP: 17/21 MP: 2/2
   614 | D:1      | Reached XP level 3. HP: 26/26 MP: 3/3
  1675 | D:2      | Reached skill level 1 in Throwing
  1954 | D:2      | Reached skill level 1 in Spellcasting
  2126 | D:2      | Reached XP level 4. HP: 31/31 MP: 5/5
  3287 | D:3      | Found a broken altar of Ashenzari.
  3623 | D:3      | Found a faded altar of an unknown god.
  3630 | D:3      | Reached XP level 5. HP: 36/36 MP: 8/8
  5056 | D:4      | Reached XP level 6. HP: 36/42 MP: 10/10
  5150 | D:4      | Noticed a phantom
  5171 | D:4      | Killed a phantom
  5599 | D:4      | Found a shimmering blue altar of Sif Muna.
  6096 | D:4      | Reached XP level 7. HP: 46/46 MP: 12/12
  6303 | D:5      | Entered Level 5 of the Dungeon
  6428 | D:5      | Found a staircase to the Ecumenical Temple.
  6450 | Temple   | Entered the Ecumenical Temple
  6465 | Temple   | Became a worshipper of Warmaster Okawaru
  7929 | D:5      | Mangled by an ice beast

Illustrated notes

Levels and vault maps discovered:
D:1:      amcnicky_arrival_double_pillar, layout_loops_ring, lemuel_old_faithful
D:2:      wander_river, layout_basic
D:3:      layout_basic, nicolae_ashenzari_panopticon,
          chequers_ecumenical_altar_island
D:4:      layout_cave_pools, lemuel_blue_sif_altar
D:5:      cheibrodos_two_vegetables, layout_layer_cave,
          minmay_temple_entry_slanted, minmay_fractal_squares_gapless_5
Temple:   nicolae_temple_the_god_donut

Skill      XL: |  1  2  3  4  5  6  7 |
---------------+----------------------+-----
Throwing       | 1 2 3 4 |  4.8
Spellcasting   | 1 2 3 4 |  4.4
Fighting       | |  3.4
Axes           | |  2.5
Dodging        | |  3.0
Shields        | |  3.4

Action                   |  1- 3 |  4- 6 |  7- 9 || total
-------------------------+-------+-------+-------++-------
Melee: War axe           |    77 |   108 |    30 ||   215
       Constrict         |    20 |    26 |     4 ||    50
       Tentacles         |    12 |    21 |     5 ||    38
Throw: Javelin           |       |       |     8 ||     8
  Use: Scroll            |       |     9 |     2 ||    11
       Potion            |       |     1 |       ||     1
 Stab: Sleeping          |     6 |     5 |       ||    11
       Distracted        |       |     1 |       ||     1
Armor: Skin              |     2 |     6 |       ||     8
Dodge: Dodged            |    50 |    63 |    15 ||   128
Block: Kite shield       |    47 |    63 |    10 ||   120
